 Dungeon Crawl Stone Soup version 0.31.0-9-g3a7656b989 (console) character file.

Game seed: 10467009663192502795

62 AlterAsc the Sneak (level 3, 0/19 HPs)
             Began as a Vampire Enchanter on Jan 29, 2024.
             Slain by a hobgoblin (3 damage)
             ... led by Robin
             ... on level 2 of the Dungeon.
             The game lasted 00:03:32 (1270 turns).

AlterAsc the Sneak (Vampire Enchanter)              Turns: 1270, Time: 00:03:32

Health: 0/19       AC:  3    Str:  7    XL:     3   Next: 85%
Magic:  0/6        EV: 12    Int: 17    God:
Gold:   71         SH:  0    Dex: 16    Spells: 4/6 levels left

rFire   . . .        a - +1 dagger
rCold   + + .        (no shield)
rNeg    + + +        b - +0 robe
rPois   ∞            (no helmet)
rElec   .            m - +0 cloak
rCorr   .            (no gloves)
SInv    +            (no boots)
Will    .....        (no amulet)
Stlth   +++++        j - ring of wizardry
HPRegen 0.00/turn    (no ring)
MPRegen 0.10/turn

%: wizardry (x1)
@: bloodless, inhibited regen
A: bloodless, fangs 3, see invisible, vampiric 2
a: Bat Form, Revivify


You were on level 2 of the Dungeon.
You visited 1 branch of the dungeon, and saw 2 of its levels.

You collected 71 gold pieces.

Inventory:

Hand Weapons
 a - a +1 dagger (weapon)
Missiles
 l - 3 darts of dispersal (quivered)
Armour
 b - a +0 robe (worn)
 m - a +0 cloak (worn)
Jewellery
 j - a ring of wizardry (left hand)
Scrolls
 d - 2 scrolls of amnesia {unknown}
 e - a scroll of enchant weapon {unknown}
 f - 3 scrolls of identify {unknown}
 h - a scroll of vulnerability {unknown}
 n - 2 scrolls of teleportation {unknown}
Potions
 c - 2 potions of invisibility
 g - a potion of curing {unknown}
 i - a potion of enlightenment {unknown}
 k - a potion of resistance {unknown}
 o - a potion of ambrosia {unknown}
 p - a potion of mutation {unknown}


   Skills:
 - Level 1.1 Short Blades
 - Level 2.1 Dodging
 + Level 6.1 Stealth
 - Level 2.0 Spellcasting
 + Level 5.9 Hexes


You had 4 spell levels left.
You knew the following spells:

 Your Spells              Type           Power      Damage    Failure   Level
a - Ensorcelled Hibernat  Hex/Ice        22%        N/A       3%          2

Your spell library contained the following spells:

 Spells                   Type           Power      Damage    Failure   Level
 Confusing Touch          Hex            21%        N/A       2%          3
 Tukima's Dance           Hex            21%        N/A       2%          3
 Dazzling Flash           Conj/Hex       22%        N/A       7%          3
 Mercury Vapours          Alch/Air       2%         N/A       12%         2
 Mephitic Cloud           Conj/Alch/Air  1%         N/A       22%         3
 Freezing Cloud           Conj/Ice/Air   0%         6-21      88%         5


Dungeon Overview and Level Annotations

Branches:
Dungeon (2/15)

Altars:

Annotations:
D:2 Sigmund


Innate Abilities, Weirdness & Mutations

You do not regenerate when monsters are visible.
You are frail without blood (-20% HP).
You can heal yourself when you bite living creatures.
You are immune to poison.
You have razor-sharp teeth.
You have supernaturally acute eyesight. (SInv)
You are afflicted with vampirism and can become a bat while bloodless.


Message History

The goblin goes into a battle-frenzy!
Casting: Ensorcelled Hibernation (safe; 3% risk of failure)
Confirm with . or Enter, or press ? or * to list all spells.
Aiming: Ensorcelled Hibernation (safe; 3% risk of failure)
Press: ? - help, Shift-Dir - straight line, f - goblin
Aim: a goblin, wielding a +0 dagger (strong, chance to affect: 62%)
The goblin looks drowsy...
Robin roars a battlecry!
You hear a shout!
The helpless goblin fails to defend itself.
You bite the goblin, and draw its blood!
You feel better.
You impale the goblin!!
You kill the goblin!
Casting: Ensorcelled Hibernation (safe; 3% risk of failure)
Confirm with . or Enter, or press ? or * to list all spells.
Aiming: Ensorcelled Hibernation (safe; 3% risk of failure)
Press: ? - help, Shift-Dir - straight line, f - Robin
Aim: Robin, wielding a +0 club, wearing a +0 animal skin and wearing a +0 helmet (chance to affect: 53%) Robin looks drowsy...
Things that are here:
a +0 dagger; a +0 club The helpless Robin fails to defend themself.
You bite Robin, and draw their blood!
You feel better.
You impale Robin!!
You kill Robin!
Your Stealth skill increases to level 6!
You hit the hobgoblin.
The hobgoblin is moderately wounded.
The hobgoblin hits you.
You barely miss the hobgoblin.
The hobgoblin is moderately wounded.
The hobgoblin hits you.
* * * LOW HITPOINT WARNING * * *
Casting: Ensorcelled Hibernation (safe; 3% risk of failure)
Confirm with . or Enter, or press ? or * to list all spells.
Aiming: Ensorcelled Hibernation (safe; 3% risk of failure)
Press: ? - help, Shift-Dir - straight line, f - hobgoblin
Aim: a hobgoblin (moderately wounded, strong, chance to affect: 62%)
The hobgoblin resists with significant effort.
The hobgoblin hits you.
You die...

#.###.#.# #...
#.##..#.# ##..
#.##.##.# #..
#.##.##.# #.#
#.......# ##.<
####.####
........ #.##
....##.. #..#
... ##. ##.# .
#. #.# #. #@#
#. ####g####
####### #.
#...g...#
#..... .#
#.##.##g# #..g.
.g# #
#.##.####..# .g
#....g.##.g#.#
####.#..ggg..#
...####gg.....#
##### ##.####.#
#... #####


You could see a hobgoblin (strong) and a goblin.

Vanquished Creatures
  Robin (D:2)
  An adder (D:2)
  A dart slug (D:2)
  A ribbon worm (D:2)
  4 bats
  3 endoplasms
  A giant cockroach (D:1)
  9 goblins (D:2)
  A hobgoblin (D:1)
  4 kobolds
  A quokka (D:2)
  3 ball pythons
  5 frilled lizards
  A rat (D:1)
36 creatures vanquished.

Notes
Turn   | Place    | Note
-------+----------+-------------------------------------------
     0 | D:1      | AlterAsc the Vampire Enchanter began the quest for the Orb.
     0 | D:1      | Reached XP level 1. HP: 13/13 MP: 3/3
   179 | D:1      | Reached XP level 2. HP: 15/15 MP: 5/5
   183 | D:1      | Learned a level 2 spell: Ensorcelled Hibernation
   193 | D:1      | Reached skill level 5 in Stealth
   426 | D:2      | Noticed Sigmund
   428 | D:2      | Reached skill level 5 in Hexes
   484 | D:2      | Gained mutation: You are afflicted with vampirism and can
                  | become a bat while bloodless. [Vampire growth]
   484 | D:2      | Reached XP level 3. HP: 13/19 MP: 1/6
  1247 | D:2      | Noticed Robin
  1267 | D:2      | Killed Robin
  1268 | D:2      | Reached skill level 6 in Stealth
  1270 | D:2      | Slain by a hobgoblin

Illustrated notes

Levels and vault maps discovered:
D:1:      minmay_arrival_checkered_box, layout_rooms
D:2:      minmay_evil_eye, layout_loops_cross, uniq_robin, uniq_sigmund

Skill      XL: |  1  2  3 |
---------------+----------+-----
Stealth        | 5 6 |  6.1
Hexes          | 5 |  5.9
Short Blades   | |  1.1
Dodging        | |  2.1
Spellcasting   | |  2.0

Action                     || total
---------------------------++-------
  Melee: Dagger            ||    80
         Bite              ||     3
   Cast: Ensorcelled Hiber ||    21
Ability: Exsanguinate      ||     1
   Stab: Sleeping          ||    23
 Armour: Robe              ||    29
  Dodge: Dodged            ||    40
